 Dungeon Crawl Stone Soup version 0.30-a0-879-ga8ba668304 (webtiles) character file.

Game seed: 11806089703686042868

507 Newt the Skirmisher (level 7, -9/44 HPs)
             Began as a Kobold Hunter on Mar 13, 2023.
             Mangled by an ice beast (11 damage)
             ... on level 5 of the Dungeon.
             The game lasted 00:03:14 (4386 turns).

Newt the Skirmisher (Kobold Hunter)                 Turns: 4386, Time: 00:03:14

Health: -9/44      AC:  4    Str:  8    XL:     7   Next: 42%
Magic:  7/7        EV: 14    Int: 10    God:
Gold:   49         SH:  5    Dex: 21    Spells: 6/6 levels left

rFire   . . .      SeeInvis .    p - +5 arbalest (freeze)
rCold   . . .      Faith    .    (shield currently unavailable)
rNeg    . . .      Spirit   .    c - +0 leather armour
rPois   .          Reflect  +    (no helmet)
rElec   .          Rampage  .    (no cloak)
rCorr   .                        e - +0 pair of gloves
Will    .....                    (no boots)
Stlth   +++                      k - amulet of reflection
HPRegen 0.27/turn                (no ring)
MPRegen 0.10/turn                (no ring)

@: no status effects
A: small, no large weapons, nightstalker 3
a: no special abilities


You were on level 5 of the Dungeon.
You visited 2 branches of the dungeon, and saw 6 of its levels.

You collected 251 gold pieces.
You spent 202 gold pieces at shops.

Inventory:

Hand Weapons
 a - a +0 shortbow
 p - a +5 arbalest of freezing (weapon)
Armour
 c - a +0 leather armour (worn)
 e - a +0 pair of gloves (worn)
Jewellery
 j - a ring of ice
 k - an amulet of reflection (around neck)
Wands
 q - a wand of flame (19)
Scrolls
 b - 2 scrolls of immolation
 d - 4 scrolls of blinking
 i - 2 scrolls of enchant armour
Potions
 f - a potion of haste
 g - 2 potions of curing
 h - 4 potions of brilliance
 l - 3 potions of attraction
 m - a potion of magic
 n - a potion of resistance {unknown}
 o - a potion of flight {unknown}
 r - a potion of might {unknown}
 s - a potion of mutation {unknown}
 t - a potion of heal wounds {unknown}


   Skills:
 - Level 5.0 Fighting
 + Level 9.6 Ranged Weapons
 - Level 2.4 Dodging
 - Level 1.3 Stealth


You had 6 spell levels left.
You didn't know any spells.
Your spell library contained the following spells:

 Spells                   Type           Power      Damage    Failure   Level
 Petrify                  Tmut/Erth      0%         N/A       99%         4
 Metabolic Englaciation   Hex/Ice        0%         N/A       100%        5
 Statue Form              Tmut/Erth      0%         N/A       100%        6


Dungeon Overview and Level Annotations

Branches:
Dungeon (5/15)             Temple (1/1) D:4

Altars:
Ashenzari
Cheibriados
Dithmenos
Fedhas
Gozag
Kikubaaqudgha
Makhleb
Nemelex Xobeh
Okawaru
Ru
Trog
Uskayaw
Vehumet
Wu Jian
Yredelemnul
The Shining One

Shops:
D:4 ((

Annotations:
D:5 Grinder


Innate Abilities, Weirdness & Mutations

You are small and have problems with some larger weapons.
You are completely attuned to the shadows.


Message History

Press: ? - help, Shift-Dir - straight line, f/p - centaur
Aim: a centaur, wielding a +0 shortbow (moderately wounded, 77% to hit)
You shoot a bolt. The bolt hits the centaur!!
The bolt freezes the centaur!
You kill the centaur!
Unknown command.
Unknown command.
Grinder gestures at you.
You struggle to resist.
Fire: p) +5 arbalest (freeze)
Press: ? - help, Shift-Dir - straight line, f - Grinder
Aim: Grinder (heavily wounded, 66% to hit)
You shoot a bolt. The bolt hits the ice beast!!
The ice beast is severely wounded.
The ice beast hits you but does no damage.
You block the ice beast's attack.
Unknown command.
Fire: p) +5 arbalest (freeze)
Press: ? - help, Shift-Dir - straight line, f/p - Grinder
Aim: Grinder (heavily wounded, 66% to hit)
You shoot a bolt. The bolt closely misses the ice beast.
The bolt hits Grinder.
Grinder is severely wounded.
You block the ice beast's attack.
Grinder blinks!
Unknown command.
Unknown command.
Fire: p) +5 arbalest (freeze)
Press: ? - help, Shift-Dir - straight line, f - ice beast
Aim: an ice beast (severely wounded, 69% to hit)
You shoot a bolt. The bolt closely misses the ice beast.
The ice beast hits you. The ice beast freezes you!
* * * LOW HITPOINT WARNING * * *
Unknown command.
Unknown command.
Fire: p) +5 arbalest (freeze)
Press: ? - help, Shift-Dir - straight line, f/p - ice beast
Aim: an ice beast (severely wounded, 69% to hit)
You shoot a bolt. The bolt closely misses the ice beast.
The ice beast hits you.
* * * LOW HITPOINT WARNING * * *
The ice beast freezes you!
You die...

###########
...!......#
..........#
..........#
..........###
.........§Y@#
..).......#..#
..........##...
..........#
#### ..###...##
.. #.#.#
.###<#.#..
..........#
.##..##.###


You could see an ice beast.

Vanquished Creatures
  An ogre (D:4)
  A centaur (D:5)
  A phantom (D:4)
  A water moccasin zombie (D:4)
  A centaur zombie (D:4)
  An iguana (D:4)
  2 hound zombies (D:4)
  A gnoll (D:1)
  6 adders
  A worm (D:2)
  2 dart slugs (D:1)
  3 ball pythons
  6 endoplasms
  2 giant cockroaches
  4 goblins
  7 hobgoblins
  8 kobolds
  4 quokkas
  4 bats
  2 frilled lizards (D:1)
  7 rats
65 creatures vanquished.

Notes
Turn   | Place    | Note
-------+----------+-------------------------------------------
     0 | D:1      | Newt the Kobold Hunter began the quest for the Orb.
     0 | D:1      | Reached XP level 1. HP: 12/12 MP: 1/1
   138 | D:1      | Reached XP level 2. HP: 18/18 MP: 2/2
   357 | D:1      | Reached XP level 3. HP: 17/24 MP: 3/3
   743 | D:1      | You fall into a shaft and drop 1 floor!
   896 | D:2      | Reached XP level 4. HP: 30/30 MP: 4/4
  1678 | D:3      | Reached skill level 5 in Fighting
  2078 | D:3      | Found a sparkling altar of Nemelex Xobeh.
  2078 | D:3      | Found a blossoming altar of Fedhas.
  2078 | D:3      | Found a bloodstained altar of Trog.
  2079 | D:3      | Found a radiant altar of Vehumet.
  2228 | D:3      | Found an ornate altar of the Wu Jian Council.
  2377 | D:4      | Reached XP level 5. HP: 35/35 MP: 5/5
  2398 | D:4      | Reached skill level 6 in Ranged Weapons
  2425 | D:4      | Found a basalt altar of Yredelemnul.
  2437 | D:4      | Reached skill level 7 in Ranged Weapons
  2437 | D:4      | Reached XP level 6. HP: 35/40 MP: 6/6
  2464 | D:4      | Found Ytoas's Antique Weapon Shop.
  2511 | D:4      | Reached skill level 8 in Ranged Weapons
  2990 | D:4      | Found Mogug's Antique Weapon Shop.
  2995 | D:4      | Bought a glowing arbalest for 202 gold pieces
  3003 | D:4      | Noticed an ogre
  3015 | D:4      | Killed an ogre
  3016 | D:4      | Reached skill level 9 in Ranged Weapons
  3016 | D:4      | Reached XP level 7. HP: 6/44 MP: 7/7
  3612 | D:4      | Found Von Sele's Weapon Shoppe.
  3625 | D:4      | Found a staircase to the Ecumenical Temple.
  3688 | Temple   | Entered the Ecumenical Temple
  4356 | D:5      | Entered Level 5 of the Dungeon
  4368 | D:5      | Noticed Grinder
  4386 | D:5      | HP: 2/44 [ice beast (3)]
  4386 | D:5      | Mangled by an ice beast

Illustrated notes

Levels and vault maps discovered:
D:1:      lemuel_arrival_funnel, layout_basic
D:2:      layout_loops_cross
D:3:      layout_loops_ring, mainiacjoe_overflow_catwalk,
          chequers_temple_overflow_statue_of_worship
D:4:      layout_loops_corners, nicolae_yredelemnul_corpse_copse,
          minmay_temple_entry_wispy, serial_shops, shop, kennysheep_mini_moat,
          nicolae_shop_behind_doors, minmay_checkerbox
D:5:      minmay_skewed_foursquare, layout_rooms,
          nicolae_hepliaklqana_monster_ancestors, uniq_grinder
Temple:   hellmonk_temple_flake

Skill      XL: |  1  2  3  4  5  6 |
---------------+-------------------+-----
Fighting       | 3 4 5 |  5.0
Ranged Weapons | 7 9 |  9.6
Dodging        | |  2.4
Stealth        | |  1.3

Action                     |  1- 3 |  4- 6 |  7- 9 || total
---------------------------+-------+-------+-------++-------
   Fire: Shortbow          |    59 |   104 |       ||   163
         Arbalest          |       |    12 |    20 ||    32
    Use: Scroll            |     3 |     4 |       ||     7
         Potion            |     1 |     2 |       ||     3
 Armour: Leather armour    |     6 |    16 |     3 ||    25
  Dodge: Dodged            |    19 |    55 |    10 ||    84
  Block: Other             |       |    14 |     6 ||    20
         Reflection        |       |     1 |     1 ||     2

Table legend: (Time is in decaauts)
 A = Elapsed time spent in this place.
 B = Non-inter-level travel time spent in this place.
 C = Inter-level travel time spent in this place.
 D = Time resting spent in this place.
 E = Time spent auto-exploring this place.
 F = Levels seen in this place.
 G = Mean time per level.
                   A        B        C        D        E       F      G
               +--------+--------+--------+--------+--------+-----+--------+
         Total |   4442 |   4293 |    149 |    578 |   3284 |   6 |  740.3 |
       Dungeon |   4286 |   4147 |    139 |    578 |   3148 |   5 |  857.2 |
        Temple |    156 |    147 |      9 |      0 |    136 |   1 |  156.0 |
               +--------+--------+--------+--------+--------+-----+--------+

Top non-repeatable levels by time:
     D:4: 1851 daAuts
     D:1: 907 daAuts
     D:2: 784 daAuts
     D:3: 708 daAuts
  Temple: 156 daAuts
     D:5: 33 daAuts
